 Dungeon Crawl Stone Soup version 0.31-a0-204-g7da18cac08 (webtiles) character file.

Game seed: 259276110405218364

83 qw the Shooter (level 4, -1/25 HPs)
             Began as a Deep Elf Hunter on June 27, 2023.
             Slain by an adder (4 damage)
             ... on level 2 of the Dungeon.
             The game lasted 00:00:39 (1614 turns).

qw the Shooter (Deep Elf Hunter)                    Turns: 1614, Time: 00:00:39

Health: -1/25      AC:  5    Str: 10      XL:     4   Next: 22%
Magic:  6/6        EV: 10    Int: 14      God:
Gold:   30         SH:  0    Dex: 15 (18) Spells: 3/3 levels left

rFire   . . .        Y - +0 shortbow
rCold   . . .        (shield currently unavailable)
rNeg    . . .        m - +0 ring mail
rPois   .            (no helmet)
rElec   .            (no cloak)
rCorr   .            (no gloves)
SInv    .            (no boots)
Will    .....        l - amulet of faith
Stlth   +            (no ring)
HPRegen 0.24/turn    (no ring)
MPRegen 0.10/turn

%: faith
@: no status effects
A: no striking features
a: no special abilities


You were on level 2 of the Dungeon.
You visited 1 branch of the dungeon, and saw 3 of its levels.

You collected 52 gold pieces.
You spent 22 gold pieces at shops.


   Skills:
 - Level 1.5 Fighting
 + Level 7.6 Ranged Weapons
 - Level 2.4 Dodging
 - Level 1.2 Stealth


You had 3 spell levels left.
You didn't know any spells.
Your spell library was empty.

Inventory:

Hand Weapons
 Y - a +0 shortbow (weapon)
Armour
 m - a +0 ring mail (worn)
Jewellery
 l - an amulet of faith (around neck)
Scrolls
 g - a scroll of identify
Potions
 b - a potion of curing
 e - a potion of haste
 k - a potion of invisibility {unknown}

Dungeon Overview and Level Annotations

Branches:
Dungeon (3/15)

Altars:

Shops:
D:2 (*!


Message History

You shoot an arrow.
The arrow hits the hound but does no damage.
The hound is moderately wounded.
You shoot an arrow.
The arrow hits the hound but does no damage.
The hound is moderately wounded.
You shoot an arrow. The arrow completely misses the hound.
The arrow closely misses the adder.
The arrow hits the hobgoblin but does no damage.
The hound bites you.
You shoot an arrow. The arrow barely misses the hound.
The arrow hits the adder.
The adder is heavily wounded.
The hound bites you but does no damage.
You shoot an arrow. The arrow closely misses the adder.
The hound bites you but does no damage. The adder bites you.
You are poisoned.
The adder poisons you! The hound bites you but does no damage.
The adder bites you.
1609 ||| STAIRDANCE You feel sick.
The hound barely misses you. The adder bites you but does no damage.
The hound closely misses you. The hobgoblin barely misses you.
You climb upwards.
You feel sick.
There is a stone staircase leading down here.
You shoot an arrow. The arrow barely misses the adder.
You feel sick. The adder bites you. The hound barely misses you.
The adder bites you but does no damage.
The hobgoblin hits you but does no damage.
You shoot an arrow. The arrow hits the adder.
The adder is almost dead.
You feel sick. The hound bites you but does no damage. The adder misses you.
The hound bites you but does no damage. The hobgoblin hits you.
You shoot an arrow. The arrow barely misses the adder.
You feel sick.
You are no longer poisoned.
The adder barely misses you. The hound bites you. The hobgoblin hits you.
The adder barely misses you. The hound bites you.
You shoot an arrow. The arrow closely misses the adder.
The hound bites you but does no damage. The adder bites you.
You die...

######...###.### #......###......
......#.#####..#####..###........
.######.#...##...###.##........##
.# #.#\#.####.##..#..######..# .#
#.###.# #.##.##..#....##.# .#
#.....####.#..#.....%)..#.. .#
#.#####.......#..%..##..#.. <#
###.# ####hg#.#)%#..##..#..
#####...# #@S..#%.#...:..#..
....#.### ####.##.##....##.#
......# #..#..######..# .....##
##..##........## ..##'#
#....###....###. .##7.7
#......######.%. ##...#
#.............## ....##
#.......####### <..######
#.......#


You could see a hound, an adder and a hobgoblin.

Vanquished Creatures
  4 adders (D:2)
  A worm (D:2)
  4 bats
  2 endoplasms
  2 giant cockroaches
  3 goblins
  2 hobgoblins
  3 jackals (D:1)
  6 quokkas
  3 ball pythons
  3 frilled lizards
  4 kobolds
  4 rats
41 creatures vanquished.

Notes
Turn   | Place    | Note
-------+----------+-------------------------------------------
     0 | D:1      | qw the Deep Elf Hunter began the quest for the Orb.
     0 | D:1      | Reached XP level 1. HP: 12/12 MP: 3/3
     0 | D:1      | 0 ||| qw: Version: 0.3-a-22-g0ed2b0b
     0 | D:1      | 0 ||| qw: Game counter: 6530
     0 | D:1      | 0 ||| qw: Melee chars always use a shield: true
     0 | D:1      | 0 ||| qw: God list: Okawaru
     0 | D:1      | 0 ||| qw: Allow faded altars: false
     0 | D:1      | 0 ||| qw: Do Orc after clearing Dungeon:15 true
     0 | D:1      | 0 ||| qw: Do second Lair branch before Depths: true
     0 | D:1      | 0 ||| qw: Lair rune preference: random
     0 | D:1      | 0 ||| qw: Goals: Normal
     0 | D:1      | 0 ||| PLANNING D:1-11
   105 | D:1      | Reached skill level 6 in Ranged Weapons
   105 | D:1      | Reached XP level 2. HP: 6/16 MP: 4/4
   260 | D:1      | You fall into a shaft and drop 1 floor!
   263 | D:2      | Found Lalutt's Distillery.
   272 | D:2      | 272 ||| SHOPLISTING potion of cancellation (96 gold, have
                  | 0).
   272 | D:2      | 272 ||| SHOPLISTING potion of curing (36 gold, have 0).
   272 | D:2      | 272 ||| SHOPLISTING potion of enlightenment (60 gold, have
                  | 0).
   272 | D:2      | 272 ||| SHOPLISTING potion of heal wounds (60 gold, have
                  | 0).
   272 | D:2      | 272 ||| SHOPLISTING potion of mutation (96 gold, have 0).
   272 | D:2      | 272 ||| SHOPLISTING potion of resistance (120 gold, have
                  | 0).
   309 | D:2      | Reached XP level 3. HP: 20/20 MP: 5/5
   315 | D:2      | 315 ||| DROPPING scroll of butterflies.
   791 | D:1      | 791 ||| READING scroll labelled CUESAN ENKI.
   792 | D:1      | 792 ||| READING scroll labelled GARILU MENG.
   793 | D:1      | 793 ||| DRINKING 2 smoky silvery potions.
   794 | D:1      | 794 ||| DROPPING potion of degeneration.
   944 | D:2      | Found Laiwnyp's Antique Weapon Shoppe.
   952 | D:2      | Reached skill level 7 in Ranged Weapons
  1189 | D:2      | Found Jeox's Assorted Antiques.
  1193 | D:2      | 1193 ||| BUYING fizzy blue potion (22 gold).
  1193 | D:2      | Bought a fizzy blue potion for 22 gold pieces
  1193 | D:2      | 1193 ||| SHOPLISTING pair of boots (112 gold, have 19).
  1193 | D:2      | 1193 ||| SHOPLISTING scroll labelled NUNOM HYNI (25 gold,
                  | have 19).
  1193 | D:2      | 1193 ||| SHOPLISTING scroll of identify (50 gold, have 19).
  1399 | D:2      | Reached XP level 4. HP: 25/25 MP: 6/6
  1475 | D:2      | 1475 ||| UPGRADING to +0 ring mail.
  1485 | D:2      | 1485 ||| DROPPING +0 leather armour.
  1486 | D:2      | 1486 ||| UPGRADING to amulet of faith.
  1491 | D:2      | 1491 ||| READING scroll labelled ULEEMYNNAO.
  1492 | D:2      | 1492 ||| READING scroll labelled NUNOM HYNI.
  1493 | D:2      | 1493 ||| READING scroll labelled SISYRO MIPLI.
  1497 | D:2      | 1497 ||| READING scroll labelled XATHARGH GAEBB.
  1498 | D:2      | 1498 ||| DRINKING 2 inky potions.
  1499 | D:2      | 1499 ||| DRINKING 2 pink potions.
  1500 | D:2      | 1500 ||| DRINKING 3 puce potions.
  1532 | D:2      | 1532 ||| READING 2 scrolls of identify.
  1532 | D:2      | 1532 ||| IDENTIFYING fuming puce potion
  1533 | D:2      | 1533 ||| DROPPING 2 potions of lignification.
  1534 | D:2      | 1534 ||| DROPPING potion of berserk rage.
  1609 | D:3      | 1609 ||| STAIRDANCE
  1613 | D:2      | HP: 3/25 [hobgoblin (4)]
  1614 | D:2      | Slain by an adder

Levels and vault maps discovered:
D:1:      eino_arrival_cavern_a, layout_basic, hangedman_feature_mirror,
          minmay_misc_feat_x
D:2:      layout_basic, serial_shops, nicolae_shop_back_alley_shop,
          nicolae_shop_industrial_runoff, shop, grunt_ministairs_8,
          minmay_randomly_rotated_circles
D:3:      layout_basic, grunt_decor_one_mirror, st_stairs_3,
          serial_bayou_crossing

Skill      XL: |  1  2  3 |
---------------+----------+-----
Ranged Weapons | 6 7 |  7.6
Fighting       | |  1.5
Dodging        | |  2.4
Stealth        | |  1.2

Action                     |  1- 3 |  4- 6 || total
---------------------------+-------+-------++-------
   Fire: Shortbow          |   118 |    20 ||   138
    Use: Scroll            |     2 |     5 ||     7
         Potion            |     1 |     3 ||     4
 Armour: Leather armour    |    10 |     2 ||    12
         Ring mail         |       |     9 ||     9
  Dodge: Dodged            |    30 |     8 ||    38

Table legend:
 A = Non-vault XP
 B = Vault XP
 C = Vault XP percentage of total XP
 D = Non-vault monster count
 E = Vault monster count
 F = Vault count percentage of total count
                 A         B        C        D         E       F
            +---------+---------+-------+---------+---------+-------
      Total |     109 |      10 |   8.4 |      33 |       8 |  19.5
            +---------+---------+-------+---------+---------+-------
        D:1 |      30 |       0 |   0.0 |      17 |       0 |   0.0
        D:2 |      79 |      10 |  11.2 |      16 |       8 |  33.3
            +---------+---------+-------+---------+---------+-------
